AoeStats
← D哥

Lombardia

510073032Analyzed
4v4 RM · 3d ago on Sep 29, 2026· 48m 51s· 8 players
Game mode
Random Map
Map size
Large (8 player)
Population
200
Speed
Normal
Resources
Standard
Victory
Conquest
Starting age
Dark Age
Ending age
Imperial Age
RankedLock teamsTeams togetherTeam positionsShared explorationLock speedFull tech treeHidden civsTurbo modeCheats
Victory
Defeat
🇦🇺 Malay · Australia
1541
+12
🇩🇪 Bohemians · Germany
1510
+13
🇺🇸 Vikings · United States
1472
+15
🇦🇺 Magyars · Australia
1455
+16
🇨🇳 Huns · China
1503
-16
🇹🇼 Vietnamese · Taiwan
1460
-14
🇨🇳 Saxons · China
1458
-14
1394
-12
D哥
12:05 Feudal Age
15:49 Castle Age
14:03 Double-Bit Axe
14:31 Horse Collar
19:12 Loom
22:15 Bow Saw
25:19 Wheelbarrow
32:04 Imperial Age
30:36 Scale Mail Armor
31:19 Scale Barding Armor
31:26 Forging
31:34 Marauders
32:40 Chain Barding Armor
33:26 Bloodlines
34:10 Plate Barding Armor
35:56 Plate Barding Armor
38:38 Padded Archer Armor
39:04 Heavy Plow
39:38 Light Cavalry
41:51 Iron Casting
41:18 Gold Mining
41:44 Hussar
42:25 Husbandry
45:26 Blast Furnace
水母系呆萌美少女可可
7:36 Loom
10:38 Feudal Age
14:51 Castle Age
12:56 Double-Bit Axe
12:54 Horse Collar
16:15 Bow Saw
23:11 Heavy Plow
24:39 Wheelbarrow
25:10 Gold Mining
25:40 Stone Mining
26:50 Hand Cart
31:09 Imperial Age
29:03 Bloodlines
28:53 Husbandry
28:55 Town Watch
30:31 Gold Shaft Mining
30:34 Stone Shaft Mining
30:31 Scale Barding Armor
30:16 Fletching
31:43 Chain Barding Armor
31:36 Forging
31:26 Padded Archer Armor
32:09 Ballistics
31:31 Light Cavalry
32:34 Conscription
31:39 Cavalier
33:39 Iron Casting
34:44 Bodkin Arrow
35:50 Blast Furnace
34:44 Capped Ram
36:26 Chemistry
35:12 Hussar
36:13 Bracer
36:29 Leather Archer Armor
36:06 Elite Mangudai
38:32 Hoardings
38:15 Masonry
38:04 Murder Holes
39:59 Elite Steppe Lancer
43:41 Hussar
喜足天
9:18 Feudal Age
14:35 Castle Age
13:07 Double-Bit Axe
13:34 Horse Collar
14:54 Fletching
15:59 Wheelbarrow
17:03 Loom
28:22 Heavy Plow
28:45 Bow Saw
29:28 Town Watch
30:54 Bodkin Arrow
32:14 Padded Archer Armor
32:05 Gold Mining
37:23 Imperial Age
34:57 Stone Mining
35:37 Thumb Ring
36:39 Leather Archer Armor
37:01 Gold Shaft Mining
36:10 Treadmill Crane
36:49 Hand Cart
38:00 Masonry
38:11 Ballistics
38:07 Bracer
37:29 Cranequins
38:44 Ring Archer Armor
39:16 Chemistry
38:48 Conscription
39:00 Guard Tower
39:06 Murder Holes
39:42 Architecture
40:48 Crop Rotation
40:49 Arrowslits
41:07 Crossbowman
41:09 Heavy Mounted Crossbowman
42:18 Arrowslits
44:35 Two-Man Saw
47:08 Keep
47:37 Elite Skirmisher
yclin124
6:53 Loom
9:52 Feudal Age
10:32 Double-Bit Axe
13:45 Horse Collar
20:05 Castle Age
19:09 Gold Mining
19:11 Stone Mining
27:28 Bow Saw
27:18 Heavy Plow
28:57 Fletching
30:24 Wheelbarrow
32:22 Bodkin Arrow
35:32 Imperial Age
33:17 Heavy Plow
33:50 Bodkin Arrow
33:56 Padded Archer Armor
34:17 Ballistics
33:38 Treadmill Crane
34:08 Masonry
35:29 Leather Archer Armor
35:48 Hand Cart
35:18 Town Watch
35:37 Elite Rattan Archer
37:07 Bracer
37:37 Ring Archer Armor
38:12 Chemistry
37:57 Siege Engineers
38:12 Bloodlines
38:03 Husbandry
38:33 Scale Barding Armor
38:39 Forging
40:20 Chain Barding Armor
40:55 Caravan
41:30 Chatras
41:51 Paper Money
41:24 Elite Battle Elephant
43:05 Plate Barding Armor
busy pushing deer
9:40 Feudal Age
11:37 Double-Bit Axe
11:59 Man-at-Arms
13:22 Arson
17:22 Forging
18:05 Scale Mail Armor
18:37 Horse Collar
22:58 Castle Age
21:30 Gold Mining
23:35 Stone Mining
24:23 Bow Saw
24:32 Heavy Plow
25:39 Gold Shaft Mining
25:32 Caravan
26:34 Fletching
26:45 Padded Archer Armor
27:17 Bodkin Arrow
27:33 Loom
27:34 Town Watch
28:24 Leather Archer Armor
28:10 Elite Skirmisher
30:43 Ballistics
33:02 Fortified Wall
32:32 Treadmill Crane
38:35 Imperial Age
40:18 Two-Man Saw
39:26 Bracer
39:56 Ring Archer Armor
40:30 Chemistry
39:36 Siege Engineers
42:23 Pikeman
43:04 Squires
43:55 Chieftains
44:15 Conscription
43:32 Elite Varangian Guard
44:30 Chain Mail Armor
44:50 Iron Casting
43:50 Capped Ram
47:29 Plate Mail Armor
47:59 Blast Furnace
eimer6174
11:24 Feudal Age
11:00 Double-Bit Axe
10:55 Horse Collar
17:06 Castle Age
17:17 Bow Saw
21:09 Wheelbarrow
21:37 Heavy Plow
22:31 Gold Mining
23:04 Hand Cart
24:24 Gold Shaft Mining
24:05 Town Watch
24:05 Loom
24:50 Fletching
25:12 Stone Mining
26:01 Caravan
29:13 Imperial Age
26:23 Crossbowman
27:17 Bodkin Arrow
27:24 Padded Archer Armor
28:17 Squires
28:43 Bracer
28:09 Capped Ram
30:13 Thumb Ring
29:55 Arbalester
31:04 Leather Archer Armor
31:54 Chemistry
30:52 Elite Skirmisher
33:40 Ballistics
35:18 Coinage
34:58 Guilds
34:49 Caravan
35:20 Ring Archer Armor
34:58 Siege Engineers
36:29 Forging
36:24 Scale Barding Armor
36:52 Conscription
36:34 Forced Levy
35:56 Man-at-Arms
36:22 Arson
36:37 Squires
39:08 Iron Casting
37:55 Long Swordsman
39:03 Masonry
39:16 Bombard Tower
39:42 Masonry
42:34 Blast Furnace
40:58 Elite Karambit Warrior
Bizzy
11:06 Feudal Age
11:41 Loom
15:38 Castle Age
14:01 Double-Bit Axe
14:55 Horse Collar
16:56 Bow Saw
17:44 Heavy Plow
22:10 Heavy Plow
23:11 Fervor
24:56 Wheelbarrow
26:11 Town Watch
26:42 Hand Cart
26:14 Loom
30:21 Imperial Age
28:43 Town Patrol
29:44 Chemistry
29:09 Masonry
29:35 Scale Mail Armor
29:46 Forging
29:59 Ballistics
30:45 Chain Mail Armor
31:45 Iron Casting
31:01 Fletching
32:18 Conscription
32:04 Wagenburg Tactics
32:25 Bombard Tower
32:07 Pikeman
32:48 Squires
33:19 Plate Mail Armor
33:56 Two-Man Saw
33:17 Sanctity
33:25 Siege Engineers
33:42 Halberdier
35:20 Architecture
35:52 Blast Furnace
35:47 Bodkin Arrow
37:19 Elite Hussite Wagon
42:31 Hussite Reforms
42:37 Caravan
43:07 Coinage
42:48 Guilds
42:36 Arson
42:34 Houfnice
46:43 Guard Tower
46:56 Bracer
48:17 Keep
Fenrir
7:25 Loom
9:48 Feudal Age
11:27 Double-Bit Axe
12:04 Horse Collar
14:43 Bloodlines
17:14 Wheelbarrow
17:23 Bloodlines
21:22 Castle Age
19:57 Scale Barding Armor
21:33 Gold Mining
22:21 Bow Saw
24:10 Hand Cart
30:34 Coinage
30:59 Caravan
34:48 Imperial Age
32:41 Chain Barding Armor
34:01 Heavy Plow
33:49 Town Watch
34:38 Husbandry
35:01 Cavalier
36:17 Plate Barding Armor
37:03 Two-Man Saw
36:35 Paladin
38:44 Banking
Connection lost

Rejoining the realm…

Still unreachable

The connection could not be restored.

Session expired

The server has moved on; the page needs a fresh start.